TOP OF THE 1ST |
Philadelphia 1776 BC batting - Pitching for Thunder Bay Northern Lions BC : RHP Darryl Gordon
|
Pitching: RHP Darryl Gordon
|
|
Batting: LHB Manuel García
|
0-0: Called Strike 0-1: Ground out 4-3 (Groundball, 4)
|
Batting: RHB Brian O'Brian
|
0-0: Called Strike 0-1: Ball 1-1: SINGLE (Line Drive, 78S)
|
Batting: LHB Sébastien Rolland
|
0-0: Ball 1-0: Ball 2-0: Called Strike 2-1: Fly out, F7 (Line Drive, 78S)
|
Batting: RHB Gus Gibbs
|
0-0: Foul Ball, location: 2F 0-1: Foul Ball, location: 2F 0-2: Ball 1-2: Ball 2-2: Foul Ball, location: 2F 2-2: Foul Ball, location: 2F 2-2: Strikes out swinging
|
Top of the 1st over - 0 run(s), 1 hit(s), 0 error(s), 1 left on base; Philadelphia 1776 0 - Thunder Bay 0 |
BOTTOM OF THE 1ST |
Thunder Bay Northern Lions BC batting - Pitching for Philadelphia 1776 BC : RHP Gonçalo Conxacha
|
Pitching: RHP Gonçalo Conxacha
|
|
Batting: LHB John Brewer
|
0-0: Ball 1-0: Foul Ball, location: 2F 1-1: Ball 2-1: Ball 3-1: Foul Ball, location: 2F 3-2: Foul Ball, location: 2F 3-2: Ground out 4-3 (Groundball, 4M)
|
Batting: RHB Taroemon Watanabe
|
0-0: Foul Ball, location: 2F 0-1: Ball 1-1: Called Strike 1-2: Foul Ball, location: 2F 1-2: Fly out, F3 (Popup, 3F)
|
Batting: SHB Arnold Griffith
|
0-0: Ball 1-0: Ball 2-0: Called Strike 2-1: SINGLE (Line Drive, 78S)
|
Batting: RHB Robert O'Connor
|
0-0: Foul Ball, location: 2F 0-1: Ball 1-1: Ball 2-1: Ball 3-1: Base on Balls Arnold Griffith to second
|
Batting: LHB Keith Bridges
|
0-0: Ball 1-0: Ball 2-0: Called Strike 2-1: Called Strike 2-2: Ball 3-2: Base on Balls Arnold Griffith to third Robert O'Connor to second
|
Batting: RHB Jonathan Cook
|
0-0: Ball 1-0: Ball 2-0: Swinging Strike 2-1: Fly out, F8 (Flyball, 8LD)
|
Bottom of the 1st over - 0 run(s), 1 hit(s), 0 error(s), 3 left on base; Philadelphia 1776 0 - Thunder Bay 0 |
TOP OF THE 2ND |
Philadelphia 1776 BC batting - Pitching for Thunder Bay Northern Lions BC : RHP Darryl Gordon
|
Batting: RHB Cris López
|
0-0: Swinging Strike 0-1: Ball 1-1: Called Strike 1-2: Foul Ball, location: 2F 1-2: Fly out, F7 (Flyball, 78D)
|
Batting: RHB Joe Smith
|
0-0: Foul Ball, location: 2F 0-1: Foul Ball, location: 2F 0-2: Ball 1-2: Strikes out swinging
|
Batting: RHB Jesús Orozco
|
0-0: Called Strike 0-1: Ball 1-1: Called Strike 1-2: Ball 2-2: Ground out 1-3 (Groundball, 13)
|
Top of the 2nd over - 0 run(s), 0 hit(s), 0 error(s), 0 left on base; Philadelphia 1776 0 - Thunder Bay 0 |
BOTTOM OF THE 2ND |
Thunder Bay Northern Lions BC batting - Pitching for Philadelphia 1776 BC : RHP Gonçalo Conxacha
|
Batting: LHB Curtis Peters
|
0-0: Fly out, F5 (Popup, 5L)
|
Batting: LHB Juan Durán
|
0-0: Fly out, F8 (Flyball, 8RM)
|
Batting: RHB Darryl Gordon
|
0-0: Foul Ball, location: 2F 0-1: Fly out, F8 (Flyball, 8RM)
|
Bottom of the 2nd over - 0 run(s), 0 hit(s), 0 error(s), 0 left on base; Philadelphia 1776 0 - Thunder Bay 0 |
TOP OF THE 3RD |
Philadelphia 1776 BC batting - Pitching for Thunder Bay Northern Lions BC : RHP Darryl Gordon
|
Batting: RHB Manny Hernández
|
0-0: Called Strike 0-1: Ball 1-1: Called Strike 1-2: Fly out, F7 (Flyball, 78M)
|
Batting: RHB Gonçalo Conxacha
|
0-0: Ball 1-0: Ball 2-0: Ball 3-0: Called Strike 3-1: Called Strike 3-2: SINGLE (Line Drive, 56D)
|
Batting: LHB Manuel García
|
0-0: Called Strike 0-1: Foul Ball, location: 2F 0-2: Foul Ball, location: 2F 0-2: Ball 1-2: Strikes out swinging
|
Batting: RHB Brian O'Brian
|
0-0: Foul Ball, location: 2F 0-1: Ball 1-1: Called Strike 1-2: Fielders Choice at 2nd, U6 (Groundball, 6M)
|
Top of the 3rd over - 0 run(s), 1 hit(s), 0 error(s), 1 left on base; Philadelphia 1776 0 - Thunder Bay 0 |
BOTTOM OF THE 3RD |
Thunder Bay Northern Lions BC batting - Pitching for Philadelphia 1776 BC : RHP Gonçalo Conxacha
|
Batting: LHB John Brewer
|
0-0: Called Strike 0-1: SINGLE (Line Drive, 7S)
|
Batting: RHB Taroemon Watanabe
|
0-0: Ball 1-0: Foul Ball, location: 2F 1-1: Called Strike 1-2: Grounds into double play, 6-4-3 (Groundball, 6)
|
Batting: SHB Arnold Griffith
|
0-0: Ball 1-0: Ball 2-0: Ground out 1-3 (Groundball, 13)
|
Bottom of the 3rd over - 0 run(s), 1 hit(s), 0 error(s), 0 left on base; Philadelphia 1776 0 - Thunder Bay 0 |
TOP OF THE 4TH |
Philadelphia 1776 BC batting - Pitching for Thunder Bay Northern Lions BC : RHP Darryl Gordon
|
Batting: LHB Sébastien Rolland
|
0-0: Foul Ball, location: 2F 0-1: Ball 1-1: Ball 2-1: Foul Ball, location: 2F 2-2: SOLO HOME RUN (Flyball, 9LD), Distance : 352 ft
|
Batting: RHB Gus Gibbs
|
0-0: Ball 1-0: Ball 2-0: Called Strike 2-1: SINGLE (Line Drive, 6MD)
|
Batting: RHB Cris López
|
0-0: Ball 1-0: Called Strike 1-1: Ball 2-1: Ball 3-1: Ground out 4-3 (Groundball, 4M) Gus Gibbs to second
|
Batting: RHB Joe Smith
|
0-0: Called Strike 0-1: Ball 1-1: Ball 2-1: SINGLE (Line Drive, 6M) Gus Gibbs to third Runner from 3rd tries for Home, SAFE, throw made home
|
Batting: RHB Jesús Orozco
|
0-0: Called Strike 0-1: Ball 1-1: Fly out, F9 (Popup, 89S)
|
Batting: RHB Manny Hernández
|
0-0: Ball 1-0: Foul Ball, location: 2F 1-1: Ball 2-1: Ball 3-1: Foul Ball, location: 2F 3-2: Foul Ball, location: 2F 3-2: Base on Balls Joe Smith to second
|
Batting: RHB Gonçalo Conxacha
|
0-0: Called Strike 0-1: Foul Ball, location: 2F 0-2: Ball 1-2: Foul Ball, location: 2F 1-2: Foul Ball, location: 2F 1-2: Fly out, F2 (Popup, 2LF)
|
Top of the 4th over - 2 run(s), 3 hit(s), 0 error(s), 2 left on base; Philadelphia 1776 2 - Thunder Bay 0 |
BOTTOM OF THE 4TH |
Thunder Bay Northern Lions BC batting - Pitching for Philadelphia 1776 BC : RHP Gonçalo Conxacha
|
Batting: RHB Robert O'Connor
|
0-0: Foul Ball, location: 2F 0-1: Swinging Strike 0-2: Ground out 6-3 (Groundball, 6)
|
Batting: LHB Keith Bridges
|
0-0: Ball 1-0: Called Strike 1-1: Ball 2-1: Swinging Strike 2-2: Ball 3-2: Foul Ball, location: 2F 3-2: Foul Ball, location: 2F 3-2: SINGLE (Flyball, 8RS)
|
Batting: RHB Jonathan Cook
|
0-0: Ball 1-0: Fly out, F8 (Line Drive, 8LM)
|
Batting: LHB Curtis Peters
|
0-0: Called Strike 0-1: Reached on error, E5 (Groundball, 56) Keith Bridges to second
|
Batting: LHB Juan Durán
|
0-0: Ball 1-0: Ball 2-0: SINGLE (Line Drive, 6) Keith Bridges to third Curtis Peters to second Runner from 3rd tries for Home, SAFE, no throw or cutoff
|
Batting: RHB Darryl Gordon
|
0-0: Ball 1-0: Fielders Choice at 2nd, U6 (Groundball, 6M)
|
Bottom of the 4th over - 1 run(s), 2 hit(s), 1 error(s), 2 left on base; Philadelphia 1776 2 - Thunder Bay 1 |
TOP OF THE 5TH |
Philadelphia 1776 BC batting - Pitching for Thunder Bay Northern Lions BC : RHP Darryl Gordon
|
Batting: LHB Manuel García
|
0-0: Fly out, F7 (Flyball, 78M)
|
Batting: RHB Brian O'Brian
|
0-0: Foul Ball, location: 2F 0-1: Ball 1-1: SINGLE (Flyball, 9S)
|
Batting: LHB Sébastien Rolland
|
0-0: Called Strike 0-1: Ball 1-1: Ball 2-1: Swinging Strike 2-2: Strikes out looking
|
Batting: RHB Gus Gibbs
|
0-0: Ball 1-0: SINGLE (Line Drive, 6D) Brian O'Brian to second
|
Batting: RHB Cris López
|
0-0: Ball 1-0: Ball 2-0: DOUBLE (Line Drive, 89S) Brian O'Brian scores Gus Gibbs to third
|
Batting: RHB Joe Smith
|
0-0: Ball 1-0: Ball 2-0: Foul Ball, location: 2F 2-1: Ball 3-1: Called Strike 3-2: Foul Ball, location: 2F 3-2: Foul Ball, location: 2F 3-2: Base on Balls
|
Batting: RHB Jesús Orozco
|
0-0: Ball 1-0: Foul Ball, location: 2F 1-1: Ground out 1-3 (Groundball, 25)
|
Top of the 5th over - 1 run(s), 3 hit(s), 0 error(s), 3 left on base; Philadelphia 1776 3 - Thunder Bay 1 |
BOTTOM OF THE 5TH |
Thunder Bay Northern Lions BC batting - Pitching for Philadelphia 1776 BC : RHP Gonçalo Conxacha
|
Batting: LHB John Brewer
|
0-0: Ball 1-0: Ball 2-0: Ball 3-0: Base on Balls
|
Batting: RHB Taroemon Watanabe
|
0-0: Ball John Brewer is caught stealing 2nd base 1-0: Ball 2-0: Ball 3-0: Base on Balls
|
Batting: SHB Arnold Griffith
|
0-0: Called Strike 0-1: Ball 1-1: DOUBLE (Line Drive, 9LD) Taroemon Watanabe to third Runner from 3rd tries for Home, SAFE, throw made home
|
Batting: RHB Robert O'Connor
|
0-0: Foul Ball, location: 2F 0-1: SINGLE (Line Drive, 7S) Arnold Griffith to third
|
Batting: LHB Keith Bridges
|
0-0: Ball 1-0: SINGLE (Line Drive, 56) Arnold Griffith scores Robert O'Connor to second
|
Batting: RHB Jonathan Cook
|
0-0: Called Strike 0-1: Ball 1-1: Swinging Strike 1-2: Ball 2-2: Strikes out looking
|
Batting: LHB Curtis Peters
|
0-0: Ball 1-0: Called Strike 1-1: Ball 2-1: SINGLE (Groundball, 4MD) Robert O'Connor to third Keith Bridges to second Runner from 3rd tries for Home, SAFE, no throw or cutoff
|
Batting: LHB Juan Durán
|
0-0: Called Strike 0-1: Foul Ball, location: 2F 0-2: Foul Ball, location: 2F 0-2: Fly out, F6 (Popup, 4M)
|
Bottom of the 5th over - 3 run(s), 4 hit(s), 0 error(s), 2 left on base; Philadelphia 1776 3 - Thunder Bay 4 |
TOP OF THE 6TH |
Philadelphia 1776 BC batting - Pitching for Thunder Bay Northern Lions BC : RHP Darryl Gordon
|
Batting: RHB Manny Hernández
|
0-0: Ball 1-0: Foul Ball, location: 2F 1-1: Foul Ball, location: 2F 1-2: Ball 2-2: Ball 3-2: Base on Balls
|
Batting: RHB Gonçalo Conxacha
|
0-0: Bunted foul 0-1: Bunted foul 0-2: Bunted foul, Strikeout!
|
Batting: LHB Manuel García
|
0-0: Called Strike 0-1: Called Strike 0-2: 2-RUN HOME RUN (Flyball, 8RXD), Distance : 438 ft
|
Batting: RHB Brian O'Brian
|
0-0: Ball 1-0: Called Strike 1-1: Ball 2-1: Ball 3-1: Called Strike 3-2: SINGLE (Groundball, 6MD)
|
Batting: LHB Sébastien Rolland
|
0-0: Swinging Strike 0-1: Ball 1-1: Foul Ball, location: 2F 1-2: Reached on error, E5 (Groundball, 56S) Brian O'Brian to second
|
Batting: RHB Gus Gibbs
|
0-0: SINGLE (Line Drive, 4D) Brian O'Brian to third Sébastien Rolland to second Runner from 3rd tries for Home, SAFE, throw made home
|
Batting: RHB Cris López
|
0-0: Called Strike 0-1: Foul Ball, location: 2F 0-2: Ball 1-2: Ball 2-2: Ball 3-2: Grounds into double play, 5-4-3 (Groundball, 5)
|
Top of the 6th over - 3 run(s), 3 hit(s), 1 error(s), 1 left on base; Philadelphia 1776 6 - Thunder Bay 4 |
BOTTOM OF THE 6TH |
Thunder Bay Northern Lions BC batting - Pitching for Philadelphia 1776 BC : RHP Gonçalo Conxacha
|
Pinch Hitting: RHB Keith Burnett
|
0-0: Ball 1-0: Ground out 5-3 (Groundball, 56S)
|
Batting: LHB John Brewer
|
0-0: Ground out 1-3 (Groundball, 25)
|
Batting: RHB Taroemon Watanabe
|
0-0: Called Strike 0-1: Ball 1-1: Ground out 6-3 (Groundball, 56)
|
Bottom of the 6th over - 0 run(s), 0 hit(s), 0 error(s), 0 left on base; Philadelphia 1776 6 - Thunder Bay 4 |
TOP OF THE 7TH |
Philadelphia 1776 BC batting - Pitching for Thunder Bay Northern Lions BC : RHP Darryl Gordon
|
Pitching: RHP Curt Clarke
|
|
Batting: RHB Joe Smith
|
0-0: SINGLE (Line Drive, 9S)
|
Batting: RHB Jesús Orozco
|
0-0: Bunt missed! 0-1: Bunted foul 0-2: Foul Ball, location: 2F 0-2: Foul Ball, location: 2F 0-2: Ball 1-2: Foul Ball, location: 2F 1-2: Foul Ball, location: 2F 1-2: Foul Ball, location: 2F 1-2: Ball 2-2: Fielders Choice at 2nd, 6-4 (Groundball, 6)
|
Batting: RHB Manny Hernández
|
0-0: Ball 1-0: Ball Jesús Orozco steals 2nd base 2-0: Called Strike 2-1: Called Strike Jesús Orozco steals 3rd base 2-2: Strikes out swinging
|
Pinch Hitting: LHB Chris Nelson
|
0-0: Ball 1-0: Foul Ball, location: 2F 1-1: Fly out, F9 (Flyball, 89S)
|
Top of the 7th over - 0 run(s), 1 hit(s), 0 error(s), 1 left on base; Philadelphia 1776 6 - Thunder Bay 4 |
BOTTOM OF THE 7TH |
Thunder Bay Northern Lions BC batting - Pitching for Philadelphia 1776 BC : RHP Gonçalo Conxacha
|
Pitching: LHP Michael Campbell
|
|
Batting: SHB Arnold Griffith
|
0-0: Called Strike 0-1: Ball 1-1: Ball 2-1: Called Strike 2-2: Strikes out swinging
|
Batting: RHB Robert O'Connor
|
0-0: Called Strike 0-1: Ball 1-1: Swinging Strike 1-2: Ball 2-2: Ball 3-2: Ground out 5-3 (Groundball, 15S)
|
Batting: LHB Keith Bridges
|
0-0: Foul Ball, location: 2F 0-1: Swinging Strike 0-2: Ball 1-2: Strikes out looking
|
Bottom of the 7th over - 0 run(s), 0 hit(s), 0 error(s), 0 left on base; Philadelphia 1776 6 - Thunder Bay 4 |
TOP OF THE 8TH |
Philadelphia 1776 BC batting - Pitching for Thunder Bay Northern Lions BC : RHP Curt Clarke
|
Batting: LHB Manuel García
|
0-0: Called Strike 0-1: Foul Ball, location: 2F 0-2: Ball 1-2: Foul Ball, location: 2F 1-2: Foul Ball, location: 2F 1-2: Ball 2-2: Ball 3-2: Foul Ball, location: 2F 3-2: Foul Ball, location: 2F 3-2: Strikes out swinging
|
Batting: RHB Brian O'Brian
|
0-0: Ball 1-0: Ball 2-0: Called Strike 2-1: Ground out 6-3 (Groundball, 6)
|
Batting: LHB Sébastien Rolland
|
0-0: Ball 1-0: Ball 2-0: Swinging Strike 2-1: SINGLE (Flyball, 9S)
|
Batting: RHB Gus Gibbs
|
0-0: Called Strike 0-1: Ball 1-1: Ball 2-1: Foul Ball, location: 2F 2-2: Foul Ball, location: 2F 2-2: Fly out, F6 (Line Drive, 6)
|
Top of the 8th over - 0 run(s), 1 hit(s), 0 error(s), 1 left on base; Philadelphia 1776 6 - Thunder Bay 4 |
BOTTOM OF THE 8TH |
Thunder Bay Northern Lions BC batting - Pitching for Philadelphia 1776 BC : LHP Michael Campbell
|
Batting: RHB Jonathan Cook
|
0-0: Ground out 4-3 (Groundball, 4)
|
Batting: LHB Curtis Peters
|
0-0: Called Strike 0-1: Ball 1-1: Swinging Strike 1-2: Strikes out swinging
|
Batting: LHB Juan Durán
|
0-0: Ball 1-0: Ball 2-0: Foul Ball, location: 2F 2-1: Ball 3-1: Foul Ball, location: 2F 3-2: Foul Ball, location: 2F 3-2: Foul Ball, location: 2F 3-2: Ground out 1-3 (Groundball, 23)
|
Bottom of the 8th over - 0 run(s), 0 hit(s), 0 error(s), 0 left on base; Philadelphia 1776 6 - Thunder Bay 4 |
TOP OF THE 9TH |
Philadelphia 1776 BC batting - Pitching for Thunder Bay Northern Lions BC : RHP Curt Clarke
|
Pitching: LHP Jake O'Tomalty
|
|
Now at C: Reijiro Sato
|
|
Batting: RHB Cris López
|
0-0: Ball 1-0: Swinging Strike 1-1: Swinging Strike 1-2: Ball 2-2: Ball 3-2: Base on Balls
|
Batting: RHB Joe Smith
|
0-0: Foul Ball, location: 2F 0-1: Ball 1-1: Ball 2-1: Called Strike 2-2: Strikes out swinging
|
Batting: RHB Jesús Orozco
|
0-0: Ball 1-0: Swinging Strike 1-1: Ball 2-1: Ball 3-1: Grounds out, U3 (Groundball, 3L)
|
Batting: RHB Manny Hernández
|
0-0: Ball 1-0: Ball 2-0: Called Strike 2-1: Ball 3-1: SINGLE (Groundball, 4MD) Cris López to third Runner from 3rd tries for Home, SAFE, no throw or cutoff
|
Pinch Hitting: RHB Yuji Ine
|
0-0: Called Strike 0-1: Ball 1-1: Called Strike 1-2: Foul Ball, location: 2F 1-2: Fielders Choice at 2nd, 5-4 (Groundball, 56)
|
Top of the 9th over - 1 run(s), 1 hit(s), 0 error(s), 0 left on base; Philadelphia 1776 7 - Thunder Bay 4 |
BOTTOM OF THE 9TH |
Thunder Bay Northern Lions BC batting - Pitching for Philadelphia 1776 BC : LHP Michael Campbell
|
Pitching: RHP Ray Gordon
|
|
Batting: LHB Reijiro Sato
|
0-0: Fly out, F4 (Popup, 4)
|
Batting: LHB John Brewer
|
0-0: Foul Ball, location: 2F 0-1: Ball 1-1: Ground out U3 (Groundball, 3)
|
Batting: RHB Taroemon Watanabe
|
0-0: Ground out 5-3 (Groundball, 5)
|
Bottom of the 9th over - 0 run(s), 0 hit(s), 0 error(s), 0 left on base; Philadelphia 1776 7 - Thunder Bay 4 |
|